 Dungeon Sprint DCSS version 0.30.1-11-g7821555f0a (webtiles) character file.

Game seed: 14952245516816200174

16118657 Heoruswealwe the Minotaur Porcupine (level 19, 186/186 HPs)
             Began as a Minotaur Fighter on Dec 7, 2023.
             Was an Initiate of Gozag.
             Escaped with the Orb
             ... and 5 runes on Dec 8, 2023!
             The game lasted 01:53:00 (10072 turns).

Heoruswealwe the Minotaur Porcupine (MiFi)         Turns: 10072, Time: 01:53:01

Health: 186/186    AC: 41    Str: 30    XL:     19   Next: 82%
Magic:  34/34      EV: 16    Int:  5    God:    Gozag
Gold:   2080       SH:  0    Dex: 11    Spells: 43/43 levels left

rFire   + + .        b - +7 lajatang of Order {silver, rMut}
rCold   + . .        (shield currently unavailable)
rNeg    . . .        c - +0 gold dragon scales of the Eagle {rPois rF+ rC+ Regen+}
rPois   +            g - +2 hat of the Bear Spirit {Spirit, Bear, *Rage Will++}
rElec   +            h - +2 cloak {Will+}
rCorr   +            f - +2 pair of gloves
SInv    .            e - +2 pair of boots {rampage}
Will    ++++.        (no amulet) Stlth
                     k - ring of Beruat {rCorr Str+4}
HPRegen 1.31/turn    j - ring "Foigyitt" {rElec rPois rF+ Stlth-}
MPRegen 0.24/turn

%: no teleportation, random rage (20%), resist mutation, guardian spirit,
rampage
@: on berserk cooldown, slowed, very slow
A: horns 2, retaliatory headbutt, frail 1, screaming 1, weak 1
0: Orb of Zot
}: 5/17 runes: decaying, serpentine, barnacled, silver, gossamer
a: Renounce Religion, Potion Petition, Call Merchant, Bribe Branch


You escaped.
You worshipped Gozag.
Gozag was most pleased with you.
You visited 1 branch You collected 51295 gold pieces.
You spent 16667 gold pieces at shops.
You paid 32548 gold pieces to Gozag.

Inventory:

Hand Weapons
 a - a +2 vampiric trident
 b - the +7 lajatang of Order (weapon) {silver, rMut}
   (You bought it in a shop in the Dungeon)

   rMut:      It protects you from mutation.
 l - the +9 arbalest of the Living Dead {penet, rCorr Str+4}
   (You bought it in a shop in the Dungeon)

   Str:       It affects your strength (+4).
   rCorr:     It protects you from acid and corrosion.
 m - the +5 glaive of the Guard {elec, spectral, AC+5}
   (You bought it in a shop in the Dungeon)

   AC:        It affects your AC (+5).
 o - the +7 mace of Variability {chaos, chaos arc}
   (You bought it in a shop in the Dungeon)
 p - a +5 sacred scourge of holy wrath
 q - the +3 giant club "Skullcrusher" {speed, Str+7}
   (You bought it in a shop in the Dungeon)

   Str:       It affects your strength (+7).
 r - the +5 demon trident of Qiven {venom, rElec}
   (You found it in the Dungeon)

   rElec:     It insulates you from electricity.
 s - a +9 bardiche of venom
 t - a +1 vampiric demon trident
Armour
 c - the +0 gold dragon scales of the Eagle (worn) {rPois rF+ rC+ Regen+}
   (You found it in the Dungeon)

   rF:        It protects you from fire.
   rC:        It protects you from cold.
   rPois:     It protects you from poison.
   Regen:     It increases your rate of health regeneration.
 d - a +1 tower shield of protection
 e - a +2 pair of boots of rampaging (worn)
 f - a +2 pair of gloves (worn)
 g - the +2 hat of the Bear Spirit (worn) {Spirit, Bear, *Rage Will++}
   (You bought it in a shop in the Dungeon)

   Bear:      Going berserk makes the wearer exceptionally tough, and they are
   slowed for a shorter time afterward.
   *Rage:     It berserks you when you make melee attacks (+20% chance).
   Will:      It greatly increases your willpower.
 h - a +2 cloak of willpower (worn)
 n - the +3 hat of Pondering {ponderous, Will+ MP+10 Int+5}
   (You bought it in a shop in the Dungeon)

   Int:       It affects your intelligence (+5).
   MP:        It affects your magic capacity (+10).
   Will:      It increases your willpower.
Jewellery
 j - the ring "Foigyitt" (right hand) {rElec rPois rF+ Stlth-}
   (You found it in the Dungeon)

   [ring of poison resistance]

   rF:        It protects you from fire.
   rElec:     It insulates you from electricity.
   rPois:     It protects you from poison.
   Stlth:     It makes you less stealthy.
 k - the ring of Beruat (left hand) {rCorr Str+4}
   (You found it in the Dungeon)

   [ring of resist corrosion]

   Str:       It affects your strength (+4).
   rCorr:     It protects you from acid and corrosion.
 G - the ring "Pecah" {rElec rC++ Will+ Int-5 SInv}
   (You bought it in a shop in the Dungeon)

   [ring of willpower]

   Int:       It affects your intelligence (-5).
   rC:        It greatly protects you from cold.
   rElec:     It insulates you from electricity.
   SInv:      It lets you see invisible.
   Will:      It increases your willpower.
Wands
 i - a wand of roots (4)
 u - a wand of light (21)
 x - a wand of polymorph (4)
 E - a wand of mindburst (6)
 Q - a wand of flame (25)
Scrolls
 v - a scroll of blinking
 A - 4 scrolls of enchant armour
 H - 10 scrolls of identify
 L - a scroll of silence
Potions
 w - 6 potions of mutation
 z - 5 potions of haste
 C - 2 potions of heal wounds
 K - 6 potions of curing
Miscellaneous
 y - a box of beasts
 B - a phial of floods
 F - a lightning rod (4/4)
 I - a piece from Xom's chessboard (15/15)
 J - a phantom mirror


   Skills:
 O Level 27 Fighting
 + Level 12.6 Long Blades
 + Level 23.5(27) Axes
 O Level 27 Maces & Flails
 O Level 27 Polearms
 + Level 20.3(27) Staves
 O Level 27 Ranged Weapons
 O Level 27 Armour
 O Level 27 Dodging
 O Level 27 Shields
 + Level 12.6 Spellcasting
 + Level 23.5 Evocations


You had 43 spell levels left.
You didn't know any spells.
Your spell library contained the following spells:

 Spells                   Type           Power      Damage    Failure   Level
 Poisonous Vapours        Pois/Air       6%         N/A       75%         2
 Mephitic Cloud           Conj/Pois/Air  3%         N/A       93%         3
 Freezing Cloud           Conj/Ice/Air   1%         6-21      100%        5


Dungeon Overview and Level Annotations

Branches:
Dungeon (1/1)

Altars:
Cheibriados
Dithmenos
Elyvilon
Fedhas
Gozag
Hepliaklqana
Kikubaaqudgha
Makhleb
Nemelex Xobeh
Okawaru
Qazlal
Ru
Sif Muna
Trog
Uskayaw
Vehumet
Wu Jian
Xom
Yredelemnul
Zin
The Shining One
Jiyva
Lugonu

Shops:
D (=*?*(***(([(*[**(*(((


Innate Abilities, Weirdness & Mutations

You have a pair of horns on your head.
You reflexively headbutt those who attack you in melee.
You are frail. (-10% HP)
You occasionally shout uncontrollably at your foes.
You are weak. (Str -2)


Message History

There is a blossoming altar of Fedhas here.
There is a white marble altar of Elyvilon here.
There is a shadowy altar of Dithmenos here.
There is a snail-covered altar of Cheibriados here.
There is a roughly hewn altar of Beogh here.
There is an open door to the Temple here.
A blizzard demon comes into view.
You close the door.
The blizzard demon shouts!
You rampage towards the blizzard demon!
The blizzard demon gestures at you. The bolt of cold misses you.
You rampage towards the blizzard demon!
A red film seems to cover your vision as you go berserk!
You feel yourself moving faster!
You feel mighty!
You slash the blizzard demon!
The blizzard demon is lightly wounded.
The blizzard demon hits you. The blizzard demon closely misses you.
You closely miss the blizzard demon.
Your headbutt misses the blizzard demon.
The blizzard demon is lightly wounded.
The blizzard demon closely misses you. The blizzard demon barely misses you.
You closely miss the blizzard demon.
The blizzard demon is lightly wounded.
You open the blizzard demon like a pillowcase!!!
You kill the blizzard demon!
You now have 2080 gold pieces (gained 81).
There is an open door, spattered with blood here.
Things that are here:
a +0 short sword; a +0 shortbow You feel a strong urge to attack something.
You slam the door shut with a bang, pushing everything out of the way!
You see here a +0 short sword.
You feel your anger nearly subside.
You are no longer berserk.
You are exhausted.
You feel yourself slow down.
There is an open door to the Dungeon here.
You close the door.
You see here 2 potions of magic.
There is a staircase leading out of the dungeon here.
You have escaped!

▓▓▓▓▓▓▓▓▓▓▓▓▓▓▓▓▓▓
...▓...▓...▓...▓@▓
.▓.▓.▓.▓.▓.▓.▓.▓.▓
.▓.▓.▓.▓.▓.▓.▓.▓!▓
.▓.▓.▓.▓.▓[▓&▓.▓.▓
.▓.▓.▓.▓.▓.▓v▓.▓+▓
.▓.▓.▓.▓.▓.▓1▓.▓.▓
.▓.▓.▓.▓.▓.▓○▓.▓.▓
.▓.▓∩▓.▓.▓.▓○▓)▓.▓
.▓.▓.▓.▓.▓.▓☼▓.▓.▓


There were no monsters in sight!

Vanquished Creatures
  3 ancient liches (D)
  Mennas (D)
  4 orbs of fire (D)
  Mara (D)
  4 pandemonium lords (D)
  Sojobo (D)
  Saint Roka (D)
  Boris (D)
  Xtahua (D)
  A profane servitor (D)
  Jory (D)
  4 golden dragons (D)
  A bone dragon (D)
  3 electric golems (D)
  2 Ice Fiends (D)
  A Hell Sentinel (D)
  A Brimstone Fiend (D)
  A tentacled monstrosity (D)
  A lich (D)
  35 Orb Guardians (D)
  A titan (D)
  A quicksilver dragon (D)
  Agnes (D)
  5 storm dragons (D)
  A sphinx (D)
  3 tengu reavers (D)
  8 shadow dragons (D)
  A thorn hunter (D)
  3 fire giants (D)
  2 draconian monks (D)
  6 nagarajas (D)
  Ilsuiw (D)
  A demonspawn warmonger (D)
  3 draconian knights (D)
  6 emperor scorpions (D)
  A daeva (D)
  5 ghost moths (D)
  A balrug (D)
  A draconian scorcher (D)
  6 vault wardens (D)
  2 frost giants (D)
  3 ironbound preservers (D)
  4 draconian stormcallers (D)
  3 cacodemons (D)
  2 ironbound thunderhulks (D)
  A demonspawn corrupter (D)
  2 very ugly things (D)
  4 draconian annihilators (D)
  4 stone giants (D)
  5 green draconians (D)
  2 purple draconians (D)
  A yellow draconian (D)
  4 white draconians (D)
  An eleionoma (D)
  A lorocyproca (D)
  3 red draconians (D)
  2 black draconians (D)
  A bunyip (D)
  4 blizzard demons (D)
  5 merfolk javelineers (D)
  2 ettins (D)
  2 green deaths (D)
  8 yaktaur captains (D)
  A great orb of eyes (D)
  2 merfolk impalers (D)
  4 fire dragons (D)
  Josephine (D)
  2 rakshasas (D)
  6 hydras (D)
  25 vault guards (D)
  A hell beast (D)
  4 spriggan air magi (D)
  A peacekeeper (D)
  3 centaur warriors (D)
  2 ironbound frosthearts (D)
  5 ice dragons (D)
  2 merfolk aquamancers (D)
  3 merfolk avatars (D)
  3 ogre magi (D)
  A two-headed ogre (D)
  2 boulder beetles (D)
  3 death yaks (D)
  2 naga warriors (D)
  2 alligators (D)
  2 deep troll earth magi (D)
  A vampire mage (D)
  A spriggan berserker (D)
  2 tengu warriors (D)
  2 deep troll shamans (D)
  A soul eater (D)
  4 sun demons (D)
  A hell knight (D)
  A shock serpent (D)
  A skyshark (D)
  2 large abominations (D)
  6 sixfirhies (D)
  2 goliath frogs (D)
  A pharaoh ant (D)
  7 deep trolls (D)
  2 shadow demons (D)
  A sun moth (D)
  2 ironbound convokers (D)
  4 swamp dragons (D)
  An orb spider (D)
  A glowing orange brain (D)
  2 wizards (D)
  3 harpies (D)
  A cherub (D)
  4 orc knights (D)
  A phantasmal warrior (D)
  2 wolf spiders (D)
  A deep elf pyromancer (D)
  An orc sorcerer (D)
  A mana viper (D)
  4 ugly things (D)
  A cyclops (D)
  A manticore (D)
  A will-o-the-wisp (D)
  A salamander (shapeshifter) (D)
  10 moths of wrath (D)
  Maurice (D)
  2 orange demons (D)
  7 naga magi (D)
  A black mamba (D)
  2 vault sentinels (D)
  3 demonic crawlers (D)
  3 guardian serpents (D)
  4 cane toads (D)
  5 smoke demons (D)
  4 hellions (D)
  A tormentor (D)
  Psyche (D)
  A rime drake (D)
  5 ice devils (D)
  3 komodo dragons (D)
  A tengu conjurer (D)
  A guardian mummy (D)
  3 merfolk (D)
  5 red devils (D)
  4 trolls (D)
  A tarantella (D)
  A bloated husk (D)
  3 hellwings (D)
  A meliai (D)
  A tyrant leech (D)
  2 wind drakes (D)
  A blink frog (D)
  2 snapping turtles (D)
  A jumping spider (D)
  2 slime creatures (D)
  A spriggan (D)
  8 yaks (D)
  4 wraiths (D)
  2 wyverns (D)
  2 basilisks (D)
  A chaos spawn (D)
  A redback (D)
  A naga (D)
  3 water moccasins (D)
  An acid dragon (D)
  2 swamp drakes (D)
  12 orc warriors (D)
  A centaur (D)
  2 bullfrogs (D)
  A jelly (D)
  2 orc priests (D)
  A hound (D)
  4 orc wizards (D)
  An iguana (D)
  10 orcs (D)
  2 ball pythons (D)
  2 hobgoblins (D)
  A bat (D)
482 creatures vanquished.

Vanquished Creatures (others)
  A Tzitzimitl (D)
  A spectral weapon (D)
2 creatures vanquished.

Grand Total: 484 creatures vanquished

Notes
Turn   | Place    | Note
-------+----------+-------------------------------------------
     0 | D        | Heoruswealwe the Minotaur Fighter began the quest for the
                  | Orb.
     0 | D        | Reached XP level 1. HP: 19/19 MP: 0/0
    23 | D        | Noticed a centaur
    23 | D        | Noticed a jelly
    23 | D        | Noticed a hound
    23 | D        | Noticed an iguana
    25 | D        | Killed a centaur
    26 | D        | Reached XP level 2. HP: 17/30 MP: 1/1
    26 | D        | Reached XP level 3. HP: 21/37 MP: 2/2
    26 | D        | Reached XP level 4. HP: 25/44 MP: 3/3
    37 | D        | Reached XP level 5. HP: 22/52 MP: 4/4
    40 | D        | HP: 2/52 [iguana (10)]
    50 | D        | Found a snail-covered altar of Cheibriados.
    50 | D        | Found a shadowy altar of Dithmenos.
    50 | D        | Found a white marble altar of Elyvilon.
    50 | D        | Found a blossoming altar of Fedhas.
    50 | D        | Found an opulent altar of Gozag.
    51 | D        | Found a hazy altar of Hepliaklqana.
    52 | D        | Found a viscous altar of Jiyva.
    53 | D        | Found an ancient bone altar of Kikubaaqudgha.
    54 | D        | Found a corrupted altar of Lugonu.
    55 | D        | Found a burning altar of Makhleb.
    56 | D        | Found a sparkling altar of Nemelex Xobeh.
    57 | D        | Found an iron altar of Okawaru.
    58 | D        | Became a worshipper of Gozag Ym Sagoz the Greedy
    59 | D        | Found a stormy altar of Qazlal.
    60 | D        | Found a sacrificial altar of Ru.
    61 | D        | Found a shimmering blue altar of Sif Muna.
    62 | D        | Found a bloodstained altar of Trog.
    63 | D        | Found a hide-covered altar of Uskayaw.
    64 | D        | Found a radiant altar of Vehumet.
    65 | D        | Found an ornate altar of the Wu Jian Council.
    66 | D        | Found a shimmering altar of Xom.
    67 | D        | Found a basalt altar of Yredelemnul.
    68 | D        | Found a glowing silver altar of Zin.
    69 | D        | Found a glowing golden altar of the Shining One.
   139 | D        | Noticed a yak
   139 | D        | Noticed a wyvern
   139 | D        | Noticed an acid dragon
   139 | D        | Noticed a yak
   139 | D        | Noticed a troll
   142 | D        | Killed a yak
   143 | D        | Reached XP level 6. HP: 58/62 MP: 5/5
   144 | D        | Killed a wyvern
   147 | D        | Killed an acid dragon
   148 | D        | Reached XP level 7. HP: 60/71 MP: 6/6
   154 | D        | Killed a yak
   155 | D        | Reached skill level 10 in Fighting
   155 | D        | Reached skill level 10 in Armour
   162 | D        | Killed a troll
   187 | D        | Noticed a two-headed ogre
   187 | D        | Noticed a komodo dragon
   187 | D        | Noticed a wraith
   187 | D        | Noticed a white ugly thing
   187 | D        | Noticed a boulder beetle
   187 | D        | Noticed a cyclops
   191 | D        | Killed a two-headed ogre
   192 | D        | Reached XP level 8. HP: 68/83 MP: 7/7
   197 | D        | Killed a komodo dragon
   208 | D        | Killed a boulder beetle
   209 | D        | Reached XP level 9. HP: 45/93 MP: 8/8
   212 | D        | Killed a white ugly thing
   228 | D        | Killed a cyclops
   498 | D        | Noticed a cane toad
   498 | D        | Noticed a komodo dragon
   498 | D        | Noticed a cane toad
   506 | D        | Killed a cane toad
   508 | D        | Noticed a rime drake
   512 | D        | Killed a komodo dragon
   516 | D        | Reached XP level 10. HP: 48/104 MP: 9/9
   530 | D        | Killed a cane toad
   689 | D        | Noticed a cane toad
   689 | D        | Noticed a skyshark
   693 | D        | Killed a cane toad
   694 | D        | Reached skill level 15 in Fighting
   694 | D        | Reached skill level 15 in Armour
   701 | D        | Noticed a cane toad
   712 | D        | Killed a skyshark
   735 | D        | Killed a cane toad
   957 | D        | Noticed a death yak
   957 | D        | Noticed a death yak
   957 | D        | Noticed a death yak
   967 | D        | Killed a death yak
   975 | D        | Killed a death yak
   976 | D        | Reached XP level 11. HP: 77/115 MP: 10/10
   983 | D        | Killed a death yak
  1207 | D        | Noticed Maurice
  1221 | D        | Killed Maurice
  1352 | D        | Noticed an orc knight
  1352 | D        | Noticed an orc knight
  1354 | D        | Noticed an orc sorcerer
  1359 | D        | Killed an orc knight
  1361 | D        | Noticed an orc knight
  1368 | D        | Noticed an orc knight
  1375 | D        | Killed an orc knight
  1378 | D        | Killed an orc sorcerer
  1388 | D        | Killed an orc knight
  1392 | D        | Killed an orc knight
  1608 | D        | Found Uniczarr's Armour Emporium.
  1608 | D        | Noticed an ogre mage
  1608 | D        | Noticed a deep troll
  1608 | D        | Noticed a deep troll
  1608 | D        | Noticed an ogre mage
  1613 | D        | Noticed an ogre mage
  1616 | D        | Killed an ogre mage
  1618 | D        | Killed a deep troll
  1624 | D        | Killed a deep troll
  1635 | D        | Killed an ogre mage
  1639 | D        | Reached XP level 12. HP: 102/128 MP: 11/11
  1644 | D        | Killed an ogre mage
  1645 | D        | Found Nuyg's General Store.
  1649 | D        | Found Azuci's General Store.
  1652 | D        | Found Plog's Weapon Shoppe.
  1768 | D        | Bought the +5 glaive of the Guard {elec, spectral, AC+5}
                  | for 2145 gold pieces
  1768 | D        | Found the +5 glaive of the Guard {elec, spectral, AC+5}
  1795 | D        | Bought a +2 buckler of cold resistance for 279 gold pieces
  1806 | D        | Bought a potion of haste for 130 gold pieces
  1806 | D        | Bought a potion of heal wounds for 65 gold pieces
  1806 | D        | Bought a wand of roots (4) for 124 gold pieces
  1808 | D        | Bought a scroll of fog for 48 gold pieces
  1810 | D        | Bought the +9 arbalest of the Living Dead {penet, rCorr
                  | Str+4} for 772 gold pieces
  1810 | D        | Bought a +3 trident of freezing for 233 gold pieces
  1816 | D        | Bought a scroll of enchant armour for 97 gold pieces
  1816 | D        | Bought a potion of flight for 39 gold pieces
  1816 | D        | Bought a scroll of identify for 26 gold pieces
  1895 | D        | Noticed Psyche
  1900 | D        | Killed Psyche
  2083 | D        | Noticed a centaur warrior
  2083 | D        | Noticed a tengu warrior
  2083 | D        | Noticed a tengu warrior
  2083 | D        | Noticed a centaur warrior
  2087 | D        | Noticed a boulder beetle
  2089 | D        | Killed a centaur warrior
  2093 | D        | Killed a tengu warrior
  2100 | D        | Killed a tengu warrior
  2103 | D        | Killed a centaur warrior
  2108 | D        | Killed a boulder beetle
  2109 | D        | Noticed a stone giant
  2115 | D        | Noticed a purple very ugly thing
  2116 | D        | Noticed a tengu reaver
  2117 | D        | Noticed an ettin
  2120 | D        | Noticed a fire dragon
  2124 | D        | Reached skill level 27 in Polearms
  2125 | D        | Noticed a deep troll shaman
  2129 | D        | Killed a stone giant
  2130 | D        | Reached skill level 1 in Ranged Weapons
  2130 | D        | Reached skill level 1 in Dodging
  2133 | D        | Killed a purple very ugly thing
  2138 | D        | Killed a tengu reaver
  2139 | D        | Reached skill level 5 in Shields
  2140 | D        | Killed an ettin
  2141 | D        | Reached XP level 13. HP: 99/141 MP: 12/12
  2144 | D        | Killed a fire dragon
  2262 | D        | Bought an encrusted bone wand for 156 gold pieces
  2262 | D        | Bought a scroll of identify for 78 gold pieces
  2262 | D        | Bought a pair of embroidered boots for 292 gold pieces
  2262 | D        | Bought a potion of mutation for 312 gold pieces
  2304 | D        | Noticed Josephine
  2311 | D        | Killed Josephine
  2312 | D        | Reached skill level 5 in Ranged Weapons
  2312 | D        | Reached skill level 5 in Dodging
  2438 | D        | Noticed a thorn hunter
  2441 | D        | Killed a thorn hunter
  2444 | D        | Noticed a bunyip
  2456 | D        | Killed a bunyip
  2580 | D        | Bought a box of beasts for 1560 gold pieces
  2729 | D        | Noticed a merfolk impaler
  2737 | D        | Reached skill level 10 in Shields
  2745 | D        | Killed a merfolk impaler
  2856 | D        | Noticed a nagaraja
  2868 | D        | Killed a nagaraja
  2949 | D        | Bought the +2 hat of the Bear Spirit {Spirit, Bear, *Rage
                  | Will++} for 593 gold pieces
  2949 | D        | Found the +2 hat of the Bear Spirit {Spirit, Bear, *Rage
                  | Will++}
  2949 | D        | Bought a pair of glowing gloves for 127 gold pieces
  2949 | D        | Bought a pair of embroidered boots for 127 gold pieces
  3067 | D        | Noticed a stone giant
  3067 | D        | Noticed a fire giant
  3067 | D        | Noticed a stone giant
  3070 | D        | Killed a stone giant
  3071 | D        | Reached skill level 10 in Dodging
  3073 | D        | Killed a fire giant
  3074 | D        | Reached skill level 10 in Ranged Weapons
  3075 | D        | Killed a stone giant
  3078 | D        | Noticed a fire dragon
  3079 | D        | Reached XP level 14. HP: 155/155 MP: 10/13
  3082 | D        | Noticed a frost giant
  3086 | D        | Noticed a fire giant
  3090 | D        | Killed a frost giant
  3096 | D        | Noticed a fire giant
  3098 | D        | Killed a fire giant
  3113 | D        | Killed a fire giant
  3191 | D        | Noticed an ironbound preserver
  3191 | D        | Noticed an ironbound thunderhulk
  3196 | D        | Killed an ironbound preserver
  3200 | D        | Killed an ironbound thunderhulk
  3204 | D        | Noticed a vault warden
  3205 | D        | Noticed a red very ugly thing
  3208 | D        | Noticed a sphinx
  3211 | D        | Killed a vault warden
  3212 | D        | Noticed a vault warden
  3213 | D        | Killed a red very ugly thing
  3215 | D        | Noticed a vault warden
  3218 | D        | Killed a sphinx
  3225 | D        | Killed a vault warden
  3231 | D        | Killed a vault warden
  3232 | D        | Reached skill level 15 in Shields
  3232 | D        | Noticed an ironbound thunderhulk
  3250 | D        | Killed an ironbound thunderhulk
  3551 | D        | Bought a wand of light (6) for 680 gold pieces
  3551 | D        | Bought a wand of flame (9) for 170 gold pieces
  3551 | D        | Bought the +3 hat of Pondering {ponderous, Will+ MP+10
                  | Int+5} for 1028 gold pieces
  3551 | D        | Found the +3 hat of Pondering {ponderous, Will+ MP+10
                  | Int+5}
  3561 | D        | Noticed Mara
  3564 | D        | Noticed Heoruswealwe's illusion
  3580 | D        | Killed Mara
  3879 | D        | Noticed Agnes
  3884 | D        | Killed Agnes
  3946 | D        | Noticed a tengu reaver
  3946 | D        | Noticed a tengu reaver
  3947 | D        | Noticed Sojobo
  3947 | D        | Noticed Xtahua
  3954 | D        | Noticed Jory
  3955 | D        | Killed a tengu reaver
  3960 | D        | Killed a tengu reaver
  3961 | D        | Reached XP level 15. HP: 168/168 MP: 8/14
  3969 | D        | Killed Sojobo
  3970 | D        | Reached skill level 15 in Ranged Weapons
  3970 | D        | Reached skill level 15 in Dodging
  3971 | D        | Killed Xtahua
  3994 | D        | Killed Jory
  4481 | D        | Bought the +7 mace of Variability {chaos, chaos arc} for
                  | 1080 gold pieces
  4481 | D        | Found the +7 mace of Variability {chaos, chaos arc}
  4693 | D        | Noticed an emperor scorpion
  4693 | D        | Noticed an emperor scorpion
  4693 | D        | Noticed an emperor scorpion
  4704 | D        | Killed an emperor scorpion
  4707 | D        | Killed an emperor scorpion
  4712 | D        | Killed an emperor scorpion
  4718 | D        | Noticed an emperor scorpion
  4721 | D        | Noticed an emperor scorpion
  4722 | D        | Noticed an emperor scorpion
  4728 | D        | Killed an emperor scorpion
  4733 | D        | Killed an emperor scorpion
  4737 | D        | Killed an emperor scorpion
  4747 | D        | Got a gossamer rune of Zot
  4845 | D        | Noticed Ilsuiw
  4861 | D        | Killed Ilsuiw
  4905 | D        | Got a barnacled rune of Zot
  5041 | D        | Got a decaying rune of Zot
  5070 | D        | Noticed a nagaraja
  5071 | D        | Noticed a nagaraja
  5072 | D        | Noticed a nagaraja
  5074 | D        | Killed a nagaraja
  5075 | D        | Reached skill level 27 in Armour
  5076 | D        | Reached skill level 27 in Fighting
  5078 | D        | Noticed a nagaraja
  5078 | D        | Killed a nagaraja
  5079 | D        | Reached skill level 1 in Maces & Flails
  5079 | D        | Reached skill level 1 in Evocations
  5082 | D        | Killed a nagaraja
  5095 | D        | Killed a nagaraja
  5096 | D        | Reached XP level 16. HP: 183/183 MP: 13/15
  5104 | D        | Reached skill level 5 in Maces & Flails
  5113 | D        | Got a serpentine rune of Zot
  5209 | D        | Bought a potion of curing for 96 gold pieces
  5209 | D        | Bought 2 scrolls of enchant weapon for 480 gold pieces
  5209 | D        | Bought a scroll of identify for 64 gold pieces
  5209 | D        | Bought a glowing bone wand for 128 gold pieces
  5209 | D        | Bought a lightning rod (4/4) for 960 gold pieces
  5209 | D        | Bought a coiled platinum ring for 160 gold pieces
  5209 | D        | Identified the ring "Pecah" {rElec rC++ Will+ Int-5 SInv}
                  | (You bought it in a shop in the Dungeon)
  5214 | D        | Bought 2 potions of heal wounds for 280 gold pieces
  5214 | D        | Bought a potion of haste for 280 gold pieces
  5214 | D        | Bought a scroll of enchant armour for 210 gold pieces
  5243 | D        | Noticed Mennas
  5269 | D        | Killed Mennas
  5270 | D        | Reached skill level 5 in Evocations
  5652 | D        | Reached skill level 10 in Maces & Flails
  5965 | D        | Noticed a shadow dragon
  5982 | D        | Killed a shadow dragon
  5987 | D        | Noticed a shadow dragon
  5991 | D        | Noticed a shadow dragon
  6007 | D        | Killed a shadow dragon
  6010 | D        | Reached skill level 10 in Evocations
  6021 | D        | Killed a shadow dragon
  6128 | D        | Noticed a shadow dragon
  6128 | D        | Noticed a shadow dragon
  6128 | D        | Noticed a titan
  6128 | D        | Noticed a shadow dragon
  6129 | D        | Identified the ring of the Good {Contam Fly rPois Str+4}
  6135 | D        | Noticed a shadow dragon
  6138 | D        | Killed a shadow dragon
  6146 | D        | Killed a shadow dragon
  6148 | D        | Killed a titan
  6155 | D        | Killed a shadow dragon
  6162 | D        | Killed a shadow dragon
  6176 | D        | Got a silver rune of Zot
  6219 | D        | Bought the +3 giant club "Skullcrusher" {speed, Str+7} for
                  | 836 gold pieces
  6219 | D        | Found the +3 giant club "Skullcrusher" {speed, Str+7}
  6296 | D        | Got the ring "Amnaorut" {Fire rPois Str+4 Int+2 Slay-5}
  6298 | D        | Got the ring of Beruat {rCorr Str+4}
  6300 | D        | Got the ring "Ydghog" {Ice rCorr Dex+5}
  6302 | D        | Got the ring "Foigyitt" {rElec rPois rF+ Stlth-}
  6304 | D        | Got the ring of Tyaw {Will+ SInv Stlth+}
  6316 | D        | Got the +5 demon trident of Qiven {venom, rElec}
  6333 | D        | Got the +0 gold dragon scales of the Eagle {rPois rF+ rC+
                  | Regen+}
  6487 | D        | Noticed Saint Roka
  6498 | D        | Killed Saint Roka
  6500 | D        | Reached XP level 17. HP: 191/191 MP: 13/16
  6561 | D        | Noticed Boris
  6572 | D        | Killed Boris
  6573 | D        | Reached skill level 15 in Maces & Flails
  6696 | D        | Noticed a bone dragon
  6709 | D        | Killed a bone dragon
  6716 | D        | Noticed a golden dragon
  6742 | D        | Killed a golden dragon
  6791 | D        | Noticed an orb of fire
  6805 | D        | Killed an orb of fire
  6873 | D        | Noticed a golden dragon
  6874 | D        | Noticed a tentacled monstrosity
  6881 | D        | Killed a golden dragon
  6892 | D        | Killed a tentacled monstrosity
  6910 | D        | Reached skill level 15 in Evocations
  6937 | D        | Noticed a quicksilver dragon
  6960 | D        | Killed a quicksilver dragon
  7029 | D        | Noticed a golden dragon
  7033 | D        | Noticed an orb of fire
  7040 | D        | Reached skill level 27 in Shields
  7051 | D        | Killed an orb of fire
  7061 | D        | Killed a golden dragon
  7062 | D        | Reached skill level 5 in Axes
  7123 | D        | Bought a scroll of identify for 26 gold pieces
  7123 | D        | Bought a scroll of identify for 26 gold pieces
  7123 | D        | Bought a phial of floods for 520 gold pieces
  7123 | D        | Bought a piece from Xom's chessboard (15/15) for 260 gold
                  | pieces
  7123 | D        | Bought a wand of light (5) for 273 gold pieces
  7128 | D        | Bought a scroll of identify for 22 gold pieces
  7128 | D        | Bought a scroll of silence for 104 gold pieces
  7128 | D        | Bought a scroll of vulnerability for 44 gold pieces
  7128 | D        | Bought a scroll of enchant armour for 82 gold pieces
  7128 | D        | Bought a scroll of enchant weapon for 82 gold pieces
  7202 | D        | Noticed an Orb Guardian
  7202 | D        | Noticed an Orb Guardian
  7202 | D        | Noticed an Orb Guardian
  7202 | D        | Noticed an Orb Guardian
  7202 | D        | Noticed an Orb Guardian
  7202 | D        | Noticed an Orb Guardian
  7203 | D        | Killed an Orb Guardian
  7208 | D        | Noticed an Orb Guardian
  7210 | D        | Killed an Orb Guardian
  7214 | D        | Killed an Orb Guardian
  7215 | D        | Reached XP level 18. HP: 200/200 MP: 17/17
  7217 | D        | Killed an Orb Guardian
  7223 | D        | Killed an Orb Guardian
  7225 | D        | Noticed an Orb Guardian
  7228 | D        | Killed an Orb Guardian
  7235 | D        | Killed an Orb Guardian
  7236 | D        | Noticed an Orb Guardian
  7237 | D        | Killed an Orb Guardian
  7238 | D        | Noticed an Orb Guardian
  7247 | D        | Killed an Orb Guardian
  7252 | D        | Killed an Orb Guardian
  7253 | D        | Reached skill level 10 in Axes
  7324 | D        | Noticed an Orb Guardian
  7324 | D        | Noticed an Orb Guardian
  7331 | D        | Noticed an Orb Guardian
  7334 | D        | Noticed an Orb Guardian
  7338 | D        | Killed an Orb Guardian
  7340 | D        | Killed an Orb Guardian
  7358 | D        | Killed an Orb Guardian
  7363 | D        | Killed an Orb Guardian
  7406 | D        | Noticed an ancient lich
  7412 | D        | Killed an ancient lich
  7451 | D        | Noticed an orb of fire
  7458 | D        | Gained mutation: You are frail. (-10% HP) [an orb of fire]
  7459 | D        | Gained mutation: You are weak. (Str -2) [an orb of fire]
  7467 | D        | Killed an orb of fire
  7520 | D        | Noticed an electric golem
  7532 | D        | Killed an electric golem
  7533 | D        | Reached skill level 27 in Ranged Weapons
  7533 | D        | Reached skill level 27 in Dodging
  7568 | D        | Noticed an ancient lich
  7568 | D        | Noticed an Orb Guardian
  7569 | D        | Noticed a golden dragon
  7572 | D        | Noticed an ancient lich
  7575 | D        | Reached skill level 1 in Staves
  7577 | D        | Reached skill level 1 in Spellcasting
  7581 | D        | Killed an Orb Guardian
  7583 | D        | Noticed an electric golem
  7588 | D        | Killed an ancient lich
  7589 | D        | Reached skill level 5 in Staves
  7589 | D        | Noticed an orb of fire
  7599 | D        | Noticed an electric golem
  7600 | D        | Killed an ancient lich
  7611 | D        | Lost mutation: You are weak. (Str -2) [an orb of fire]
  7612 | D        | Killed an electric golem
  7613 | D        | Reached skill level 15 in Axes
  7635 | D        | Gained mutation: You are weak. (Str -2) [an orb of fire]
  7780 | D        | Gained mutation: You occasionally shout uncontrollably at
                  | your foes. [an orb of fire]
  7785 | D        | Killed an orb of fire
  7791 | D        | Reached skill level 5 in Spellcasting
  7795 | D        | Killed a golden dragon
  7811 | D        | Killed an electric golem
  7932 | D        | Noticed an Orb Guardian
  7932 | D        | Noticed an Orb Guardian
  7932 | D        | Noticed an Orb Guardian
  7932 | D        | Noticed an Orb Guardian
  7932 | D        | Noticed an Orb Guardian
  7932 | D        | Noticed an Orb Guardian
  7941 | D        | Killed an Orb Guardian
  7942 | D        | Reached skill level 10 in Staves
  7943 | D        | Killed an Orb Guardian
  7944 | D        | Noticed an Orb Guardian
  7945 | D        | Killed an Orb Guardian
  7946 | D        | Killed an Orb Guardian
  7946 | D        | Noticed an Orb Guardian
  7950 | D        | Killed an Orb Guardian
  7951 | D        | Noticed an Orb Guardian
  7951 | D        | Noticed an Orb Guardian
  7953 | D        | Killed an Orb Guardian
  7954 | D        | Noticed an Orb Guardian
  7956 | D        | Killed an Orb Guardian
  7962 | D        | Killed an Orb Guardian
  7963 | D        | Noticed an Orb Guardian
  7969 | D        | Killed an Orb Guardian
  7971 | D        | Killed an Orb Guardian
  7973 | D        | Killed an Orb Guardian
  7975 | D        | Killed an Orb Guardian
  7976 | D        | Reached XP level 19. HP: 180/186 MP: 24/29
  8030 | D        | Bought a grey potion for 22 gold pieces
  8030 | D        | Bought a scroll labelled DOSALIM MOLUKH for 25 gold pieces
  8038 | D        | Bought a steaming bardiche for 462 gold pieces
  8038 | D        | Identified the +5 bardiche of Conscience {holy, rElec rF+
                  | Dex-4 Stlth+} (You bought it in a shop in the Dungeon)
  8065 | D        | Got the Orb of Zot
  8498 | D        | Noticed Jion the pandemonium lord
  8509 | D        | Killed Jion the pandemonium lord
  8897 | D        | Reached skill level 15 in Staves
  8938 | D        | Reached skill level 27 in Maces & Flails
  9054 | D        | Reached skill level 10 in Spellcasting
  9078 | D        | Bought the +7 lajatang of Order {silver, rMut} for 1064
                  | gold pieces
  9078 | D        | Found the +7 lajatang of Order {silver, rMut}
  9108 | D        | Reached skill level 1 in Long Blades
  9171 | D        | Noticed Bozae the pandemonium lord
  9183 | D        | Killed Bozae the pandemonium lord
  9184 | D        | Reached skill level 5 in Long Blades
  9290 | D        | Noticed Ycung the pandemonium lord
  9300 | D        | Killed Ycung the pandemonium lord
  9302 | D        | Noticed a Brimstone Fiend
  9313 | D        | Killed a Brimstone Fiend
  9373 | D        | Noticed Sasucroa the pandemonium lord
  9397 | D        | Killed Sasucroa the pandemonium lord
  9492 | D        | Reached skill level 10 in Long Blades
  9799 | D        | Noticed a profane servitor
  9807 | D        | Killed a profane servitor
  9918 | D        | Noticed a Tzitzimitl
  9918 | D        | Noticed Gapaist the pandemonium lord
  9930 | D        | Killed a Tzitzimitl
 10072 | D        | Escaped with the Orb!

Illustrated notes

Levels and vault maps discovered:
D:        linesprint [early_d, line_temple, items_1, d_10, items_2, lair_1,
          lair_end, items_3, orc_1, orc_end, items_4, d_15, swamp_1, shoals_1,
          snake_1, spider_1, d_20, vaults_1, items_5, swamp_end, shoals_end,
          snake_end, spider_end, vaults_end, d_27, items_6, zot_1, zot_end,
          crypt_end, forest_end, elf_end, slime_end, tomb_end, abyss_end,
          pan_hell_end]

Skill      XL: |  1  2  3  4  5  6  7  8  9 10 11 12 13 14 15 16 17 18 19 |
---------------+----------------------------------------------------------+-----
Polearms       | 7 8 11 12 16 17 19 22 24 27 | 27.0
Fighting       | 6 7 8 9 12 13 14 16 18 20 22 24 27 | 27.0
Armour         | 6 7 8 9 12 13 14 16 18 20 22 24 27 | 27.0
Ranged Weapons | 4 10 14 18 22 25 27 | 27.0
Dodging        | 4 10 14 18 22 25 27 | 27.0
Shields        | 5 12 16 20 24 27 | 27.0
Maces & Flails | 4 14 21 25 27 | 27.0
Evocations     | 3 11 16 20 23 | 23.5
Axes           | 7 18 23 | 23.5
Staves         | 12 20 | 20.3
Spellcasting   | 7 12 | 12.6
Long Blades    | 12 | 12.6

Action                     |  1- 3 |  4- 6 |  7- 9 | 10-12 | 13-15 | 16-18 | 19-21 || total
---------------------------+-------+-------+-------+-------+-------+-------+-------++-------
  Melee: Trident           |    14 |    17 |       |       |       |       |       ||    31
         Headbutt          |     2 |     5 |    17 |    50 |   107 |   164 |    69 ||   414
         Halberd           |       |     8 |    68 |   246 |       |       |       ||   322
         Glaive            |       |       |       |    47 |   185 |       |       ||   232
         Bardiche          |       |       |       |       |   191 |   729 |   115 ||  1035
         Lajatang          |       |       |       |       |       |       |   155 ||   155
 Invoke: Call Merchant     |       |       |       |     4 |     4 |     5 |     5 ||    18
    Use: Potion            |       |     1 |     3 |     8 |    11 |       |    10 ||    33
         Scroll            |       |       |       |       |     6 |     5 |    12 ||    23
   Stab: Distracted        |       |       |       |       |    12 |     8 |     2 ||    22
 Armour: Scale mail        |     6 |     6 |       |       |       |       |       ||    12
         Chain mail        |       |     4 |    17 |    42 |       |       |       ||    63
         Plate armour      |       |       |       |    60 |   191 |    82 |       ||   333
         Gold dragon scale |       |       |       |       |       |   180 |   101 ||   281
  Dodge: Dodged            |     8 |     6 |     9 |    60 |   122 |   214 |   104 ||   523
  Block: Buckler           |     2 |     2 |       |       |       |       |       ||     4
